 Dungeon Crawl Stone Soup version 0.27-a0-492-ga4bb394fd4 (webtiles) character file.

Game seed: 16714900398413093881

67 Gaff the Sneak (level 4, 0/26 (27) HPs)
             Began as a Kobold Brigand on Mar 2, 2021.
             Succumbed to an adder's poison
             ... on level 3 of the Dungeon.
             The game lasted 00:04:45 (1711 turns).

Gaff the Sneak (Kobold Brigand)                     Turns: 1711, Time: 00:04:45

HP:   0/26 (27)     AC:  2    Str:  8    XL:     4   Next: 40%
MP:   4/4           EV: 15    Int: 18    God:
Gold: 71            SH:  0    Dex: 17    Spells: 3/3 levels left

rFire    . . .     SeeInvis .   a - +2 dagger
rCold    . . .     Faith    .   (shield restricted)
rNeg     . . .     Spirit   .   b - +0 robe
rPois    .         Reflect  .   (no helmet)
rElec    .         Harm     .   g - scarf {+Inv}
rCorr    .         Rampage  .   (no gloves)
Will     .....                  (no boots)
Stlth    ++++......             f - amulet of magic regeneration
HPRegen  0.08/turn              h - +6 ring of intelligence
MPRegen  0.34/turn              l - ring of flight

@: brilliant, lethally poisoned (0 -> -2), very slightly contaminated, lightly
drained, invisible
A: small, nightstalker 3
a: Evoke Invisibility, Evoke Flight


You were on level 3 of the Dungeon.
You visited 1 branch of the dungeon, and saw 3 of its levels.

You collected 71 gold pieces.

Inventory:

Hand Weapons
 a - a +2 dagger (weapon)
Missiles
 d - 8 poisoned darts (quivered)
 e - 2 curare-tipped darts
Armour
 b - a +0 robe (worn)
 c - a +0 cloak
 g - a scarf of invisibility (worn)
Jewellery
 f - an amulet of magic regeneration (around neck)
 h - a +6 ring of intelligence (left hand)
 l - a ring of flight (right hand)
Scrolls
 i - a scroll of magic mapping {unknown}
 j - 2 scrolls of identify {unknown}
 k - a scroll of noise {unknown}
 n - a scroll of blinking {unknown}


   Skills:
 + Level 2.5 Fighting
 + Level 3.8 Short Blades
 - Level 2.2 Throwing
 * Level 1.9 Dodging
 + Level 6.5 Stealth
 + Level 0.5 Evocations


You had 3 spell levels left.
You didn't know any spells.
Your spell library was empty.

Dungeon Overview and Level Annotations

Branches:
Dungeon (2/15)

Altars:
Dithmenos


Innate Abilities, Weirdness & Mutations

You are small and have problems with some larger weapons.
You are completely attuned to the shadows.


Message History

The adder barely misses you.
You hit the adder.
The adder is heavily wounded.
You feel sick. The adder bites you.
You feel sick. The adder misses you.
It was a potion of invisibility.
You fade into invisibility!
You feel sick. The adder closely misses you.
You are very lightly contaminated with residual magic.
The orc throws a boomerang.
The boomerang barely misses the orc.
The boomerang hits the adder.
You see here a +0 robe.
You feel sick. The adder bites you.
* * * LOW HITPOINT WARNING * * *
The adder hisses angrily.
You feel sick.
You hit the adder.
You kill the adder!
The orc closely misses you.
You see here an adder corpse.
You barely miss the orc.
You feel sick. The orc closely misses you.
You catch the helpless orc completely off-guard!
You impale the orc!!
You kill the orc!
You feel sick.
You see here a +0 robe.
You hit the orc.
The orc is heavily wounded.
You hit the orc.
The orc is heavily wounded.
The orc hits you.
* * * LOW HITPOINT WARNING * * *
You completely miss the orc.
The orc is heavily wounded.
* * * LOW HITPOINT WARNING * * *
You feel sick.
You see here a +0 robe.
It was a potion of brilliance.
You feel clever all of a sudden.
You die...

.......# ##..
####.#### ##...
#####.##.## ##....
#.........####.....
#.###........'.....
#.# #.....####.....
#.# ###...# ##...#
#[#####.#.# ##.##
#.@.†.....# ###
#######.## #


There were no monsters in sight!

Vanquished Creatures
  2 adders
  2 oozes (D:1)
  A worm (D:2)
  2 dart slugs (D:1)
  2 orcs (D:3)
  3 bats
  8 goblins
  2 hobgoblins (D:1)
  3 jackals (D:1)
  2 kobolds
  3 frilled lizards
  4 rats
34 creatures vanquished.

Notes
Turn   | Place    | Note
-------+----------+-------------------------------------------
     0 | D:1      | Gaff the Kobold Brigand began the quest for the Orb.
     0 | D:1      | Reached XP level 1. HP: 12/12 MP: 1/1
   224 | D:1      | Reached XP level 2. HP: 16/17 MP: 2/2
   409 | D:1      | Reached skill level 6 in Stealth
   563 | D:1      | Reached XP level 3. HP: 21/22 MP: 3/3
  1305 | D:2      | Reached XP level 4. HP: 8/25 MP: 4/4
  1609 | D:2      | You fall into a shaft and drop 1 floor!
  1609 | D:3      | Found a shadowy altar of Dithmenos.
  1707 | D:3      | HP: 1/26 [poisoned by an adder]
  1711 | D:3      | Succumbed to an adder's poison

Illustrated notes

Levels and vault maps discovered:
D:1:      lightli_arrival_flooded_house, layout_loops_cross, item_on_display_a
D:2:      layout_loops_ring, mrwooster_statue_mirror
D:3:      layout_loops_corners, nicolae_dithmenos_through_a_glass_darkly,
          gammafunk_ghost_grave

Skill      XL: |  1  2 |
---------------+-------+-----
Short Blades   | 3 |  3.8
Stealth        | 6 |  6.5
Fighting       | |  2.5
Throwing       | |  2.2
Dodging        | |  1.9
Evocations     | |  0.5

Action                   |  1- 3 |  4- 6 || total
-------------------------+-------+-------++-------
Melee: Dagger            |    90 |    29 ||   119
Throw: Dart              |     5 |       ||     5
 Abil: Evoke Invisibilit |     1 |       ||     1
       Evoke Flight      |     1 |       ||     1
  Use: Potion            |       |     2 ||     2
 Stab: Sleeping          |    12 |     3 ||    15
       Invisible         |     1 |     1 ||     2
Armor: Robe              |     9 |     1 ||    10
Dodge: Dodged            |    42 |    19 ||    61

Table legend: (Time is in decaauts)
 A = Elapsed time spent in this place.
 B = Non-inter-level travel time spent in this place.
 C = Inter-level travel time spent in this place.
 D = Time resting spent in this place.
 E = Time spent auto-exploring this place.
 F = Levels seen in this place.
 G = Mean time per level.
                   A        B        C        D        E       F      G
               +--------+--------+--------+--------+--------+-----+--------+
         Total |   1689 |   1656 |     33 |    546 |    710 |   3 |  563.0 |
       Dungeon |   1689 |   1656 |     33 |    546 |    710 |   3 |  563.0 |
               +--------+--------+--------+--------+--------+-----+--------+

Top non-repeatable levels by time:
     D:1: 959 daAuts
     D:2: 632 daAuts
     D:3: 97 daAuts
